Match 47146396
Unlisted

Match 47146396
End
Engineer Squad
Construct Weapon Support Center
Selects Heavy Weapons
M1919 Machine Gun Team
M1919 Machine Gun Team
M1919 Machine Gun Team
Infantry Support Center
Selects Assault Carriers
M3 Assault Carrier
M3 Assault Carrier
Selects Exchangeable Parts
M3 Assault Carrier
M3 Assault Carrier
M3 Assault Carrier
M3 Assault Carrier
M3 Assault Carrier
Selects Towed M5 3-inch Anti-tank Gun
Selects M2HB .50cal Heavy Machine Gun
Towed M5 3-inch Anti-tank Gun
M1919 Machine Gun Team
Selects Rapid Reposition
M1919 Machine Gun Team
M1919 Machine Gun Team
Selects Bolstered Team Weapons
M3 Assault Carrier
M3 Assault Carrier
M1919 Machine Gun Team
M1919 Machine Gun Team
M1919 Machine Gun Team
M1919 Machine Gun Team
Towed M5 3-inch Anti-tank Gun
Engineer Squad
M1919 Machine Gun Team
Engineer Squad
Advanced Logistics
M3 Assault Carrier
M3 Assault Carrier
M1919 Machine Gun Team
Engineer Squad
M3 Assault Carrier
lemerman9
gabman6
SemperLooney
Iron_Sarge69
BadNewsBeavers
ALTAIR89
0
0

Comments sign in to comment!

No comments posted yet!